 Dungeon Crawl Stone Soup version 0.20-a0-709-gd40821f (webtiles) character file.

1274 Kareekexe the Conjurer (level 8, -5/69 HPs)
             Began as a Yellow Draconian Conjurer on Feb 21, 2017.
             Was a Follower of Vehumet.
             Slain by a wyvern (17 damage)
             ... on level 6 of the Dungeon.
             The game lasted 00:27:05 (6469 turns).

Kareekexe the Conjurer (Yellow Draconian Conjurer)  Turns: 6469, Time: 00:27:05

Health: -5/69      AC:  7    Str: 10    XL:     8   Next: 28%
Magic:  2/15       EV: 14    Int: 19    God:    Vehumet [*.....]
Gold:   353        SH:  0    Dex: 11    Spells: 5/16 levels left

rFire    + . .     SeeInvis .   n - +1 dagger (holy)
rCold    . . .     Gourm    .   (armour unavailable)
rNeg     . . .     Faith    .   (no shield)
rPois    .         Spirit   .   (helmet restricted)
rElec    .         Reflect  .   x - +0 cloak
rCorr    +         Harm     .   (no gloves)
MR       +....                  (no boots)
Stlth    ++........             (no amulet)
Regen    0.3/turn               u - ring of protection from magic
MPRegen  0.2/turn               m - ring of protection from fire

@: no status effects
A: spit acid, acid resistance, unfitting armour, cold-blooded, AC +6
a: Breathe Acid, Renounce Religion


You were on level 6 of the Dungeon.
You worshipped Vehumet.
Vehumet was aware of your devotion.
You were hungry.

You visited 2 branches of the dungeon, and saw 7 of its levels.

You collected 353 gold pieces.

Inventory:

Hand Weapons
 n - a +1 dagger of holy wrath (weapon)
Armour
 o - a +0 shield
 x - a +0 cloak (worn)
Jewellery
 m - a ring of protection from fire (left hand)
 u - a ring of protection from magic (right hand)
 v - an uncursed ring of protection from cold {unknown}
Scrolls
 g - 4 scrolls of remove curse {unknown}
 h - 8 scrolls of identify {unknown}
 i - 2 scrolls of fear {unknown}
 j - a scroll of enchant armour {unknown}
 k - a scroll of immolation {unknown}
 s - a scroll of amnesia {unknown}
 t - 2 scrolls of magic mapping {unknown}
 y - a scroll of teleportation
 C - a scroll of random uselessness {unknown}
Potions
 e - 4 potions of resistance {unknown}
 f - a potion of brilliance {unknown}
 l - 3 potions of agility {unknown}
 q - a potion of invisibility {unknown}
 r - a potion of flight {unknown}
 w - a potion of curing {unknown}
 z - 4 potions of haste
 A - a potion of berserk rage {unknown}
Books
 a - a book of Conjurations

   Spells                             Type                      Level
   a - Magic Dart                     Conjuration                  1
   b - Searing Ray                    Conjuration                  2
   c - Dazzling Spray                 Conjuration/Hexes            3
   d - Fulminant Prism                Conjuration/Hexes            4
   e - Force Lance                    Conjuration/Translocation    4
   f - Iskenderun's Mystic Blast      Conjuration                  4
Comestibles
 b - 4 bread rations
 c - 3 royal jellies
 d - 2 meat rations
 p - a fruit
 B - 7 chunks of flesh


   Skills:
 + Level 5.4 Fighting
 + Level 4.7 Dodging
 - Level 1.7 Stealth
 + Level 4.8 Spellcasting
 + Level 6.4 Conjurations


You had 5 spell levels left.
You knew the following spells:

 Your Spells              Type           Power        Failure   Level  Hunger
a - Magic Dart            Conj           ####         1%          1    None
b - Searing Ray           Conj           ####..       1%          2    #......
c - Dazzling Spray        Conj/Hex       ###...       12%         3    ##.....
d - Iskenderun's Mystic   Conj           ####....     12%         4    ####...
e - Freeze                Ice            #...         14%         1    None


Dungeon Overview and Level Annotations

Branches:
Dungeon (6/15)             Temple (1/1) D:4

Altars:
Ashenzari
Cheibriados
Fedhas
Gozag
Hepliaklqana
Nemelex Xobeh
Qazlal
Ru
Sif Muna
Trog
Vehumet
Yredelemnul
Zin

Annotations:
D:2 Terence


Innate Abilities, Weirdness & Mutations

You can spit globs of acid.
You are resistant to acid.
Your golden yellow scales are hard. (AC +6)
You cannot fit into any form of body armour.
You are cold-blooded and may be slowed by cold attacks.


Message History

Casting: Dazzling Spray
Confirm with . or Enter, or press ? or * to list all spells.
Aiming: Dazzling Spray
Press: ? - help, Shift-Dir - straight line, f/p - wyvern
Aim: a wyvern (heavily wounded)
The spray of energy misses the wyvern.
The wyvern closely misses you. The wyvern bites you.
* * * LOW HITPOINT WARNING * * *
Unknown command.
Casting: Dazzling Spray
Confirm with . or Enter, or press ? or * to list all spells.
Aiming: Dazzling Spray
Press: ? - help, Shift-Dir - straight line, f/p - wyvern
Aim: a wyvern (heavily wounded)
The spray of energy hits the wyvern.
The wyvern is heavily wounded.
The wyvern is dazzled.
You are feeling hungry.
The wyvern bites you!
You die...

#.^.. .... #.####
... #..# ... ..##
... ##..###.#
#..#o .#..l...#
[.##. .##@# #.#..
..#.##
#.#..####..#..#
##.##.)##..##..##
#...#......#....#
#...##....##..#.#
#....#....#)..#.#
##.......[.).###.#
###..#..#.######
#.#


You could see a wyvern (blind).

Vanquished Creatures
  Duvessa (D:4)
  2 phantoms (D:5)
  A hornet zombie (D:6)
  The ghost of azzavlup the Chopper, an amateur HOAK of Lugonu (D:4)
  2 scorpions
  Dowan (D:4)
  A crimson imp (D:6)
  A bullfrog zombie (D:5)
  A centaur zombie (D:6)
  2 hounds
  5 orc priests
  3 orc wizards
  Crazy Yiuf (D:3)
  2 worker ants (D:4)
  A hound skeleton (D:4)
  5 adders
  An ooze (D:3)
  An adder zombie (D:5)
  An adder skeleton (D:4)
  4 worms (D:2)
  3 dart slugs
  5 leopard geckos
  19 orcs
  7 bats
  5 giant cockroaches
  4 hobgoblins
  3 kobolds
  A quokka (D:6)
  7 frilled lizards
  3 goblins
  A leopard gecko skeleton (D:4)
  7 rats
102 creatures vanquished.

Vanquished Creatures (others)
  An orc wizard (D:4)
1 creature vanquished.

Grand Total: 103 creatures vanquished

Notes
Turn   | Place    | Note
-------+----------+-------------------------------------------
     0 | D:1      | Kareekexe the Draconian Conjurer began the quest for the Orb.
     0 | D:1      | Reached XP level 1. HP: 14/14 MP: 3/3
   636 | D:1      | Reached XP level 2. HP: 6/22 MP: 0/5
   809 | D:2      | Noticed Terence
   903 | D:2      | Learned a level 2 spell: Searing Ray
   905 | D:2      | Reached skill level 1 in Fighting
  1485 | D:2      | Reached XP level 3. HP: 28/28 MP: 1/6
  1666 | D:2      | Learned a level 3 spell: Dazzling Spray
  2185 | D:3      | Found a runed door.
  2190 | D:3      | Noticed Crazy Yiuf
  2194 | D:3      | Killed Crazy Yiuf
  2194 | D:3      | Reached XP level 4. HP: 36/36 MP: 2/7
  2335 | D:4      | Noticed azzavlup's ghost (amateur HOAK)
  2365 | D:4      | Killed azzavlup's ghost
  2365 | D:4      | Reached XP level 5. HP: 21/42 MP: 1/9
  2479 | D:4      | Found a staircase to the Ecumenical Temple.
  2490 | Temple   | Entered the Ecumenical Temple
  2521 | Temple   | Became a worshipper of Vehumet
  2756 | D:5      | Entered Level 5 of the Dungeon
  2792 | D:4      | Reached skill level 5 in Conjurations
  2792 | D:4      | Reached XP level 6. HP: 23/51 MP: 0/10
  2922 | D:4      | Noticed Dowan
  3052 | D:4      | Killed Dowan
  3159 | D:4      | Noticed Duvessa
  3350 | D:3      | You fall through a shaft for 2 floors!
  3361 | D:5      | Learned a level 4 spell: Iskenderun's Mystic Blast
  3650 | D:4      | Killed Duvessa
  3650 | D:4      | Your scales start taking on a golden yellow colour.
  3650 | D:4      | Reached XP level 7. HP: 18/59 MP: 2/12
  4051 | D:3      | Reached * piety under Vehumet
  4051 | D:3      | Offered knowledge of Freeze by Vehumet.
  4649 | D:2      | Found a deep blue altar of Sif Muna.
  5320 | D:5      | Reached skill level 6 in Conjurations
  5544 | D:5      | Reached skill level 5 in Fighting
  6006 | D:5      | Reached XP level 8. HP: 68/68 MP: 9/14
  6015 | D:5      | Learned a level 1 spell: Freeze
  6298 | D:6      | Offered knowledge of Sandblast by Vehumet.
  6307 | D:6      | Reached ** piety under Vehumet
  6469 | D:6      | Slain by a wyvern

Vault maps used:
D:1:      saegor_arrival_simple_f
D:2:      lemuel_blue_sif_altar, minmay_heptomino_l4, uniq_terence
D:3:      first_bread, uniq_crazy_yiuf_cottage
D:4:      minmay_temple_entry_junction, uniq_duvessa
D:6:      lemuel_round_altar, makhleb_heckhound_becter, minmay_misc_feat_iff
Temple:   minmay_temple_bridge_abc

Skill      XL: |  1  2  3  4  5  6  7 |
---------------+----------------------+-----
Fighting       | 1 2 3 4 5 |  5.4
Dodging        | 2 3 4 |  4.7
Spellcasting   | 3 4 |  4.8
Conjurations   | 5 6 |  6.4
Stealth        | |  1.7

Action                   |  1- 3 |  4- 6 |  7- 9 || total
-------------------------+-------+-------+-------++-------
Melee: Unarmed           |    37 |       |       ||    37
       Tailslap          |     2 |     8 |    15 ||    25
       Dagger            |    14 |    71 |   119 ||   204
 Cast: Magic Dart        |    79 |    39 |    95 ||   213
       Searing Ray       |     6 |     4 |     9 ||    19
       Dazzling Spray    |       |    11 |    10 ||    21
       Iskenderun's Myst |       |       |     1 ||     1
 Abil: Breathe Acid      |       |       |     1 ||     1
  Use: Potion            |       |     1 |       ||     1
       Scroll            |       |     2 |       ||     2
 Stab: Invisible         |       |     3 |       ||     3
       Sleeping          |       |     1 |       ||     1
  Eat: Chunk             |     6 |     1 |     9 ||    16
       Bread ration      |       |     1 |       ||     1
       Fruit             |       |       |     1 ||     1
Armor: Skin              |    30 |    23 |    33 ||    86
Dodge: Dodged            |    37 |    71 |   105 ||   213
